 Dungeon Crawl Stone Soup version 0.29.0-4-gdea44cf6ec (webtiles) character file.

Game seed: 6645891062177676422

25 qw the Chopper (level 3, 0/21 HPs)
             Began as a Tengu Warper on Aug 28, 2022.
             Slain by a gnoll
             ... wielding a +0 spear
              (5 damage)
             ... on level 2 of the Dungeon.
             The game lasted 00:00:04 (1451 turns).

qw the Chopper (Tengu Warper)                       Turns: 1451, Time: 00:00:04

Health: 0/21       AC:  5    Str: 13    XL:     3   Next: 6%
Magic:  7/7        EV: 11    Int: 13    God:
Gold:   33         SH:  0    Dex: 13    Spells: 6/6 levels left

rFire   . . .      SeeInvis .   a - +0 hand axe
rCold   . . .      Faith    .   (no shield)
rNeg    . . .      Spirit   .   h - +0 ring mail
rPois   .          Reflect  .   (helmet restricted)
rElec   .          Harm     .   (no cloak)
rCorr   .          Rampage  .   (no gloves)
Will    .....                   (boots unavailable)
Stlth   +.........              (no amulet)
HPRegen 0.07/turn               (no ring)
MPRegen 0.10/turn               (no ring)

@: no status effects
A: beak, talons 3
a: no special abilities


You were on level 2 of the Dungeon.
You visited 1 branch of the dungeon, and saw 2 of its levels.

You collected 33 gold pieces.


Innate Abilities, Weirdness & Mutations

You have a beak for a mouth.
You have claws for feet.


   Skills:
 - Level 2.0 Fighting
 + Level 3.8 Axes
 - Level 1.0 Throwing
 - Level 1.1 Armour
 - Level 2.1 Dodging
 - Level 2.0 Spellcasting
 - Level 2.4 Translocations


You had 6 spell levels left.
You didn't know any spells.
Your spell library contained the following spells:

 Spells                   Type           Power      Damage    Failure   Level
 Blink                    Tloc           14%        N/A       30%         2
 Gell's Gravitas          Tloc           7%         N/A       52%         3
 Lesser Beckoning         Tloc           7%         N/A       52%         3
 Teleport Other           Tloc           7%         N/A       52%         3
 Manifold Assault         Tloc           7%         N/A       99%         5

Inventory:

Hand Weapons
 a - a +0 hand axe (weapon)
 f - a +0 whip
Armour
 h - a +0 ring mail (worn)
Potions
 d - a potion of might
 e - a potion of haste {unknown}
 g - a potion of degeneration {unknown}

Dungeon Overview and Level Annotations

Branches:
Dungeon (2/15)

Altars:


Message History

The adder bites you but does no damage.
You completely miss the adder. Your kick misses the adder.
Your peck misses the adder.
The adder is severely wounded.
The adder bites you but does no damage. x2
You hit the adder.
You kill the adder!
You have reached level 3!
Your experience leads to an increase in your attributes!
Increase (S)trength, (I)ntelligence, or (D)exterity?
You feel stronger. x2
You start resting.
HP restored.
Found 6 stones.
Found 3 stones.
A gnoll comes into view. It is wielding a +0 spear.
1440 ||| Stepping ~*~*~tactically~*~*~ (hiding).
You start waiting.
A gnoll is nearby!
1442 ||| Stepping ~*~*~tactically~*~*~ (hiding).
You start waiting.
A gnoll is nearby!
1444 ||| Stepping ~*~*~tactically~*~*~ (hiding).
You start waiting.
A gnoll is nearby!
The gnoll hits you with a +0 spear.
You hit the gnoll but do no damage. You claw the gnoll.
The gnoll is heavily wounded.
The gnoll hits you with a +0 spear!
You hit the gnoll but do no damage. You claw the gnoll, but do no damage.
Your peck misses the gnoll.
The gnoll is heavily wounded.
The gnoll hits you with a +0 spear.
You closely miss the gnoll. You claw the gnoll, but do no damage.
The gnoll is heavily wounded.
The gnoll hits you with a +0 spear.
You closely miss the gnoll. You claw the gnoll.
The gnoll is almost dead.
The gnoll hits you with a +0 spear.
You die...

(.#........#.########
#.........#.........
#.........##########
#.........# .
#.#.........# .g
#...........#
#.##.###.#######
##.g. #.# ......###@#
#.....g.# #########


You could see a gnoll.

Vanquished Creatures
  2 adders (D:2)
  A giant cockroach (D:1)
  2 quokkas (D:1)
  A ball python (D:1)
  2 frilled lizards (D:1)
  A rat (D:1)
9 creatures vanquished.

Notes
Turn   | Place    | Note
-------+----------+-------------------------------------------
     0 | D:1      | qw the Tengu Warper began the quest for the Orb.
     0 | D:1      | Reached XP level 1. HP: 12/12 MP: 4/4
     0 | D:1      | 0 ||| qw: Version: 0.1-a-89-g26bdef1
     0 | D:1      | 0 ||| qw: Game counter: 1082
     0 | D:1      | 0 ||| qw: Always use a shield: true
     0 | D:1      | 0 ||| qw: God list: Okawaru
     0 | D:1      | 0 ||| qw: Allow faded altars: false
     0 | D:1      | 0 ||| qw: Do Orc after D:15 true
     0 | D:1      | 0 ||| qw: Do second Lair branch before Depths: true
     0 | D:1      | 0 ||| qw: Lair rune preference: random
     0 | D:1      | 0 ||| qw: Plans: Normal
     0 | D:1      | 0 ||| PLANNING D:1-11
   109 | D:1      | 109 ||| Stepping ~*~*~tactically~*~*~ (stealth).
   112 | D:1      | 112 ||| Stepping ~*~*~tactically~*~*~ (stealth).
   113 | D:1      | 113 ||| Stepping ~*~*~tactically~*~*~ (stealth).
   691 | D:1      | HP: 3/12 [quokka (2)]
   695 | D:1      | Reached XP level 2. HP: 2/17 MP: 6/6
  1171 | D:1      | 1171 ||| UPGRADING to +0 ring mail.
  1181 | D:1      | 1181 ||| DROPPING +0 leather armour.
  1182 | D:1      | 1182 ||| DRINKING 2 inky potions.
  1183 | D:1      | 1183 ||| DROPPING scroll of blinking.
  1266 | D:2      | Reached skill level 3 in Axes
  1270 | D:2      | Reached XP level 3. HP: 10/21 MP: 7/7
  1440 | D:2      | 1440 ||| Stepping ~*~*~tactically~*~*~ (hiding).
  1442 | D:2      | 1442 ||| Stepping ~*~*~tactically~*~*~ (hiding).
  1444 | D:2      | 1444 ||| Stepping ~*~*~tactically~*~*~ (hiding).
  1450 | D:2      | HP: 5/21 [gnoll/+0 spear (4)]
  1451 | D:2      | Slain by a gnoll

Levels and vault maps discovered:
D:1:      elethiomel_arrival_maze, layout_loops_cross, minmay_misc_feat_five,
          serial_park_tiny_2, chequers_serial_rivers_large_a, minmay_cupped
D:2:      layout_basic, minmay_pentomino_pile, uniq_terence

Skill      XL: |  1  2 |
---------------+-------+-----
Axes           | 3 |  3.8
Fighting       | |  2.0
Throwing       | |  1.0
Armour         | |  1.1
Dodging        | |  2.1
Spellcasting   | |  2.0
Translocations | |  2.4

Action                   || total
-------------------------++-------
Melee: Hand axe          ||    35
       Kick              ||     9
       Peck              ||     3
Throw: Boomerang         ||     7
  Use: Potion            ||     1
Armor: Leather armour    ||     2
       Ring mail         ||     8
Dodge: Dodged            ||    17

Table legend:
 A = Non-vault XP
 B = Vault XP
 C = Vault XP percentage of total XP
 D = Non-vault monster count
 E = Vault monster count
 F = Vault count percentage of total count
                 A         B        C        D         E       F
            +---------+---------+-------+---------+---------+-------
      Total |      35 |       2 |   5.4 |       7 |       2 |  22.2
            +---------+---------+-------+---------+---------+-------
        D:1 |       8 |       2 |  20.0 |       5 |       2 |  28.6
        D:2 |      27 |       0 |   0.0 |       2 |       0 |   0.0
            +---------+---------+-------+---------+---------+-------
